Map: Newkirk Precinct TE (Void)

Players

DeathRobe - Winner!

  • Race: Protoss Protoss
  • Spawn Location: 7:00

VOD

Have the link to the VOD?

Description

Time

  • Played on: April 30, 2017, 7:50 p.m.
  • Length: 22:54
Show
View Real Time Build Order
Export as new Build Order

DeathRobe Protoss - Winner!

Build Orders:  

Get SALT Encoding   

  12  0:32  Probe (Chrono Boost)  
  13  0:45  Pylon  
  13  0:47  Probe (Chrono Boost)  
  14  0:59  Assimilator  
  14  1:08  Probe (Chrono Boost)  
  15  1:28  Gateway  
  15  1:42  Probe (Chrono Boost)  
  16  2:27  Pylon  
  16  2:39  Gateway  
  16  2:49  Cybernetics Core  
  16  2:51  Zealot  
  18  3:29  Zealot  
  20  3:53  Mothership Core (Chrono Boost)  
  22  4:07  Zealot  
  24  4:45  Zealot  
  26  5:13  Pylon  
  26  5:23  Zealot  
  28  5:43  Warp Gate  
  28  7:24  Forge  
  28  7:44  Zealot  
  28  7:49  Zealot  
  32  8:56  Photon Cannon  
  32  9:01  Photon Cannon  
  28  9:13  Zealot  
  28  9:17  Zealot  
  32  9:30  Pylon  
  32  9:55  Pylon  
  32  10:04  Unknown  
  30  10:40  Photon Cannon  
  28  11:04  Photon Cannon  
  28  11:26  Pylon  
  28  11:43  Zealot  
  28  11:46  Zealot  
  32  12:10  Photon Cannon  
  32  12:14  Photon Cannon  
  32  12:28  Zealot  
  34  12:31  Zealot  
  27  14:02  Zealot  
  27  14:07  Zealot  
  31  14:36  Zealot  
  31  14:39  Zealot  
  35  15:02  Pylon  
  35  15:10  Pylon  
  35  15:12  Unknown  
  35  15:16  Zealot  
  35  15:19  Zealot  
  39  15:42  Photon Cannon  
  39  15:47  Photon Cannon  
  39  15:52  Photon Cannon  
  39  15:57  Photon Cannon  
  39  16:06  Photon Cannon  
  39  16:17  Pylon, Unknown  
  39  16:49  Photon Cannon  
  39  16:53  Photon Cannon  
  39  17:03  Photon Cannon  
  39  17:08  Photon Cannon  
  37  17:15  Photon Cannon  
  35  17:47  Photon Cannon  
  35  17:52  Photon Cannon  
  35  18:00  Unknown  
  35  18:06  Zealot  
  29  18:37  Zealot  
  31  18:40  Zealot  
  33  18:52  Pylon  
  33  19:05  Unknown  
  33  19:08  Zealot  
  35  19:15  Zealot  
  35  19:23  Photon Cannon  
  35  19:28  Photon Cannon  
  35  19:35  Photon Cannon  
  31  20:02  Unknown  
  31  20:06  Pylon  
  27  20:30  Zealot  
  29  20:40  Zealot  
  31  21:00  Unknown  
  31  21:28  Pylon  
  27  22:03  Photon Cannon  
  27  22:08  Photon Cannon  
Tags
 
Add a new tag
Caveats
  • Supply blocks, unpowered buildings, or Contaminate may cause inaccurate times.
  • Supply counts are checked every 10 seconds.